TOP OF THE 1ST |
Oakland (APP) Athletics batting - Pitching for Great Falls Voyagers : RHP Andy Gibson
|
Pitching: RHP Andy Gibson
|
|
Batting: RHB Colin Coleman
|
0-0: Ball 1-0: Ground out 4-3 (Groundball, 4, EV 87.5 MPH)
|
Batting: RHB Steve Blackshear
|
0-0: Ball 1-0: Ball 2-0: Ball 3-0: Called Strike 3-1: Foul Ball, location: 2F 3-2: Foul Ball, location: 2F 3-2: Base on Balls
|
Batting: LHB Augustin Cormier
|
0-0: Ball 1-0: Ball 2-0: Foul Ball, location: 2F 2-1: Swinging Strike 2-2: Strikes out swinging
|
Batting: RHB Josh Whaley
|
0-0: Ball 1-0: Ball Wild Pitch! Steve Blackshear to second 2-0: Ground out 6-3 (Groundball, 6, EV 91.2 MPH)
|
Top of the 1st over - 0 runs, 0 hits, 0 errors, 1 left on base; Oakland (APP) 0 - Great Falls 0 |
BOTTOM OF THE 1ST |
Great Falls Voyagers batting - Pitching for Oakland (APP) Athletics : LHP Daniel Aguayo
|
Pitching: LHP Daniel Aguayo
|
|
Batting: RHB Kasey Bland
|
0-0: Ball 1-0: Fly out, F6 (Popup, P, EV 86.2 MPH)
|
Batting: LHB Jose Duran
|
0-0: Ball 1-0: Ball 2-0: Swinging Strike 2-1: Called Strike 2-2: SINGLE (Groundball, 56D, EV 94.4 MPH)
|
Batting: RHB Vic Lucatero
|
0-0: Foul Ball, location: 2F 0-1: Ball 1-1: Ball 2-1: Ball 3-1: DOUBLE (Line Drive, 9LS, EV 97.5 MPH) Jose Duran to third Runner from 3rd tries for Home, SAFE, throw by RF to trailing runner, OUT at third! 9-3-5
|
Batting: LHB Carlos Ramirez
|
0-0: Swinging Strike 0-1: Called Strike 0-2: Ball 1-2: Ball 2-2: Ground out 6-3 (Groundball, 6S, EV 83.8 MPH)
|
Bottom of the 1st over - 1 run, 2 hits, 0 errors, 0 left on base; Oakland (APP) 0 - Great Falls 1 |
TOP OF THE 2ND |
Oakland (APP) Athletics batting - Pitching for Great Falls Voyagers : RHP Andy Gibson
|
Batting: RHB Walt Alaniz
|
0-0: Ball 1-0: Ground out 6-3 (Groundball, 6M, EV 85.6 MPH)
|
Batting: RHB Branden Mackie
|
0-0: Called Strike 0-1: Foul Ball, location: 2F 0-2: Ball 1-2: Ball 2-2: Fly out, F8 (Flyball, 8RXD, EV 97.5 MPH)
|
Batting: RHB Chris Temple
|
0-0: Ball 1-0: Foul Ball, location: 2F 1-1: Ball 2-1: Called Strike 2-2: Strikes out looking
|
Top of the 2nd over - 0 runs, 0 hits, 0 errors, 0 left on base; Oakland (APP) 0 - Great Falls 1 |
BOTTOM OF THE 2ND |
Great Falls Voyagers batting - Pitching for Oakland (APP) Athletics : LHP Daniel Aguayo
|
Batting: RHB Duncan Collins
|
0-0: Called Strike 0-1: Swinging Strike 0-2: Strikes out swinging
|
Batting: LHB Josh Pittman
|
0-0: Called Strike 0-1: Swinging Strike 0-2: Strikes out swinging
|
Batting: RHB Billy Grubbs
|
0-0: Foul Ball, location: 2F 0-1: Ball 1-1: SINGLE (Line Drive, 89M, EV 93.8 MPH)
|
Batting: RHB Riemer de Jonge
|
0-0: SINGLE (Groundball, 56D, EV 100.0 MPH) Billy Grubbs to second
|
Batting: SHB Jose Romo
|
0-0: Ball 1-0: Reached on error, E5 (Groundball, 5, EV 86.9 MPH) Billy Grubbs to third Riemer de Jonge to second
|
Batting: RHB Kasey Bland
|
0-0: Called Strike 0-1: Ball 1-1: Ball 2-1: Ball 3-1: Foul Ball, location: 2F 3-2: Foul Ball, location: 2F 3-2: Base on Balls Billy Grubbs scores Riemer de Jonge to third Jose Romo to second
|
Batting: LHB Jose Duran
|
0-0: Ball 1-0: Ball 2-0: Called Strike 2-1: Ball 3-1: Called Strike 3-2: SINGLE (Groundball, 34S, EV 69.4 MPH) (infield hit) Riemer de Jonge scores Jose Romo to third Kasey Bland to second
|
Batting: RHB Vic Lucatero
|
0-0: Foul Ball, location: 2F 0-1: Ball 1-1: Ball 2-1: Foul Ball, location: 2F 2-2: Foul Ball, location: 2F 2-2: Ball 3-2: Foul Ball, location: 2F 3-2: Foul Ball, location: 2F 3-2: SINGLE (Groundball, 6S, EV 70.6 MPH) (infield hit) Jose Romo scores Kasey Bland to third Jose Duran to second
|
Batting: LHB Carlos Ramirez
|
0-0: Ball 1-0: Called Strike 1-1: Ball 2-1: DOUBLE (Line Drive, 7LM, EV 93.8 MPH) Kasey Bland scores Jose Duran scores Vic Lucatero to third Runner from 3rd tries for Home, SAFE, throw by LF to home
|
Pitching: LHP Kalaida Steedman
|
|
Batting: RHB Duncan Collins
|
0-0: Called Strike 0-1: Ball 1-1: Ball 2-1: Ball 3-1: Swinging Strike 3-2: Base on Balls
|
Batting: LHB Josh Pittman
|
0-0: Ball Wild Pitch! Carlos Ramirez to third Duncan Collins to second 1-0: Called Strike 1-1: Ball 2-1: Ball 3-1: Fly out, F7 (Flyball, 7LD, EV 104.4 MPH)
|
Bottom of the 2nd over - 6 runs, 5 hits, 1 error, 2 left on base; Oakland (APP) 0 - Great Falls 7 |
TOP OF THE 3RD |
Oakland (APP) Athletics batting - Pitching for Great Falls Voyagers : RHP Andy Gibson
|
Batting: SHB George Marshall
|
0-0: Fly out, F4 (Line Drive, 4, EV 73.1 MPH)
|
Batting: LHB Mark Friedmann
|
0-0: Ball 1-0: Called Strike 1-1: Swinging Strike 1-2: Ground out 6-3 (Groundball, 6, EV 80.6 MPH)
|
Batting: RHB Colin Coleman
|
0-0: Ground out U3 (Groundball, 3L, EV 93.8 MPH)
|
Top of the 3rd over - 0 runs, 0 hits, 0 errors, 0 left on base; Oakland (APP) 0 - Great Falls 7 |
BOTTOM OF THE 3RD |
Great Falls Voyagers batting - Pitching for Oakland (APP) Athletics : LHP Kalaida Steedman
|
Batting: RHB Billy Grubbs
|
0-0: Ball 1-0: Ball 2-0: Ball 3-0: Called Strike 3-1: Swinging Strike 3-2: Base on Balls
|
Batting: RHB Riemer de Jonge
|
0-0: Ball 1-0: Foul Ball, location: 2F 1-1: Called Strike 1-2: Strikes out swinging
|
Batting: SHB Jose Romo
|
0-0: Called Strike 0-1: Ball 1-1: Ball 2-1: Fly out, F9 (Line Drive, 9, EV 103.1 MPH)
|
Batting: RHB Kasey Bland
|
0-0: Called Strike 0-1: Ball 1-1: SINGLE (Flyball, 8LS, EV 94.4 MPH) Billy Grubbs to second
|
Batting: LHB Jose Duran
|
0-0: Ball 1-0: Foul Ball, location: 2F 1-1: Fly out, F8 (Flyball, 8RD, EV 95.6 MPH)
|
Bottom of the 3rd over - 0 runs, 1 hit, 0 errors, 2 left on base; Oakland (APP) 0 - Great Falls 7 |
TOP OF THE 4TH |
Oakland (APP) Athletics batting - Pitching for Great Falls Voyagers : RHP Andy Gibson
|
Batting: RHB Steve Blackshear
|
0-0: Foul Ball, location: 2F 0-1: Called Strike 0-2: Fly out, F8 (Flyball, 8RXD, EV 88.8 MPH)
|
Batting: LHB Augustin Cormier
|
0-0: Ball 1-0: Called Strike 1-1: Foul Ball, location: 2F 1-2: SINGLE (Groundball, P, EV 79.4 MPH) (infield hit)
|
Batting: RHB Josh Whaley
|
0-0: Ball 1-0: Ball 2-0: Called Strike 2-1: Foul Ball, location: 2F 2-2: Ball 3-2: Foul Ball, location: 2F 3-2: Foul Ball, location: 2F 3-2: Foul Ball, location: 2F 3-2: Base on Balls Augustin Cormier to second
|
Batting: RHB Walt Alaniz
|
0-0: Grounds into double play, 4-6-3 (Groundball, 4, EV 104.4 MPH)
|
Top of the 4th over - 0 runs, 1 hit, 0 errors, 1 left on base; Oakland (APP) 0 - Great Falls 7 |
BOTTOM OF THE 4TH |
Great Falls Voyagers batting - Pitching for Oakland (APP) Athletics : LHP Kalaida Steedman
|
Batting: RHB Vic Lucatero
|
0-0: Called Strike 0-1: DOUBLE (Line Drive, 5D, EV 97.5 MPH)
|
Batting: LHB Carlos Ramirez
|
0-0: Foul Ball, location: 2F 0-1: Swinging Strike 0-2: Ball 1-2: 2-RUN HOME RUN (Flyball, 9LD, EV 93.1 MPH), Distance : 330 ft
|
Batting: RHB Duncan Collins
|
0-0: Called Strike 0-1: Called Strike 0-2: Ball 1-2: Ball 2-2: Ball 3-2: Fly out, F8 (Flyball, 8LS, EV 77.5 MPH)
|
Batting: LHB Josh Pittman
|
0-0: Foul Ball, location: 2F 0-1: Ball 1-1: SINGLE (Line Drive, 8RS, EV 102.5 MPH)
|
Pitching: RHP Jalen Cobbins
|
|
Batting: RHB Billy Grubbs
|
0-0: Ground out 6-3 (Groundball, 6S, EV 63.8 MPH) Josh Pittman to second
|
Batting: RHB Riemer de Jonge
|
0-0: Fly out, F7 (Flyball, 78M, EV 91.9 MPH)
|
Bottom of the 4th over - 2 runs, 3 hits, 0 errors, 1 left on base; Oakland (APP) 0 - Great Falls 9 |
TOP OF THE 5TH |
Oakland (APP) Athletics batting - Pitching for Great Falls Voyagers : RHP Andy Gibson
|
Batting: RHB Branden Mackie
|
0-0: Ground out U3 (Groundball, 34, EV 96.9 MPH)
|
Batting: RHB Chris Temple
|
0-0: Swinging Strike 0-1: Ball 1-1: Foul Ball, location: 2F 1-2: Ball 2-2: Ball 3-2: Strikes out looking
|
Batting: SHB George Marshall
|
0-0: Ground out 4-3 (Groundball, 4, EV 103.1 MPH)
|
Top of the 5th over - 0 runs, 0 hits, 0 errors, 0 left on base; Oakland (APP) 0 - Great Falls 9 |
BOTTOM OF THE 5TH |
Great Falls Voyagers batting - Pitching for Oakland (APP) Athletics : RHP Jalen Cobbins
|
Batting: SHB Jose Romo
|
0-0: Called Strike 0-1: Foul Ball, location: 2F 0-2: Ball 1-2: Ball 2-2: Ball 3-2: Base on Balls
|
Batting: RHB Kasey Bland
|
0-0: Ball 1-0: Called Strike 1-1: Foul Ball, location: 2F 1-2: Strikes out swinging
|
Batting: LHB Jose Duran
|
0-0: Ball 1-0: Called Strike 1-1: Fielders Choice at 2nd, 6-4 (Groundball, 6M, EV 104.4 MPH)
|
Batting: RHB Vic Lucatero
|
0-0: Ball 1-0: Ball 2-0: SINGLE (Groundball, 6D, EV 100.0 MPH) Jose Duran to second
|
Batting: LHB Carlos Ramirez
|
0-0: Ball 1-0: Ball 2-0: Ball 3-0: Called Strike 3-1: Swinging Strike 3-2: DOUBLE (Groundball, 3L, EV 102.5 MPH) Jose Duran scores Vic Lucatero to third Vic Lucatero scores
|
Batting: RHB Duncan Collins
|
0-0: Ground out 6-3 (Groundball, 6MS, EV 86.2 MPH)
|
Bottom of the 5th over - 2 runs, 2 hits, 0 errors, 1 left on base; Oakland (APP) 0 - Great Falls 11 |
TOP OF THE 6TH |
Oakland (APP) Athletics batting - Pitching for Great Falls Voyagers : RHP Andy Gibson
|
Batting: LHB Mark Friedmann
|
0-0: Called Strike 0-1: Ball 1-1: Foul Ball, location: 2F 1-2: SINGLE (Line Drive, 6M, EV 108.8 MPH)
|
Batting: RHB Colin Coleman
|
0-0: Ball 1-0: Ball 2-0: Fielders Choice at 2nd, 3-6 (Groundball, 34, EV 107.5 MPH)
|
Batting: RHB Steve Blackshear
|
0-0: Ball 1-0: Fly out, F8 (Flyball, 8LM, EV 79.4 MPH)
|
Batting: LHB Augustin Cormier
|
0-0: Ball 1-0: Ball 2-0: Ball 3-0: Called Strike 3-1: Base on Balls Colin Coleman to second
|
Batting: RHB Josh Whaley
|
0-0: Ball 1-0: Fly out, F9 (Flyball, 89XD, EV 98.8 MPH)
|
Top of the 6th over - 0 runs, 1 hit, 0 errors, 2 left on base; Oakland (APP) 0 - Great Falls 11 |
BOTTOM OF THE 6TH |
Great Falls Voyagers batting - Pitching for Oakland (APP) Athletics : RHP Jalen Cobbins
|
Batting: LHB Josh Pittman
|
0-0: Ball 1-0: Ball 2-0: Called Strike 2-1: Ball 3-1: Base on Balls
|
Batting: RHB Billy Grubbs
|
0-0: Ball Wild Pitch! Josh Pittman to second 1-0: Ball Wild Pitch! Josh Pittman to third 2-0: Called Strike 2-1: 2-RUN HOME RUN (Flyball, 78XD, EV 103.1 MPH), Distance : 406 ft
|
Batting: RHB Riemer de Jonge
|
0-0: Ball 1-0: Foul Ball, location: 2F 1-1: Ball 2-1: Foul Ball, location: 2F 2-2: Ball 3-2: Foul Ball, location: 2F 3-2: Foul Ball, location: 2F 3-2: Base on Balls
|
Pitching: RHP Victor Sanchez
|
|
Batting: SHB Jose Romo
|
0-0: Called Strike 0-1: Ball 1-1: Ball 2-1: Foul Ball, location: 2F 2-2: Strikes out swinging
|
Batting: RHB Kasey Bland
|
0-0: Foul Ball, location: 2F 0-1: Called Strike 0-2: Ball Passed Ball! Riemer de Jonge to second 1-2: Strikes out looking
|
Batting: LHB Jose Duran
|
0-0: Ball 1-0: Ground out 4-3 (Groundball, 4, EV 81.9 MPH)
|
Bottom of the 6th over - 2 runs, 1 hit, 0 errors, 1 left on base; Oakland (APP) 0 - Great Falls 13 |
TOP OF THE 7TH |
Oakland (APP) Athletics batting - Pitching for Great Falls Voyagers : RHP Andy Gibson
|
Batting: RHB Walt Alaniz
|
0-0: DOUBLE (Line Drive, 9D, EV 104.4 MPH)
|
Batting: RHB Branden Mackie
|
0-0: Ball Wild Pitch! Walt Alaniz to third 1-0: Ball 2-0: Called Strike 2-1: Swinging Strike 2-2: Ball 3-2: Strikes out looking
|
Batting: RHB Tetsuya Shinoda
|
0-0: Called Strike 0-1: Swinging Strike 0-2: Strikes out looking
|
Batting: SHB George Marshall
|
0-0: Ball 1-0: Ball 2-0: Ball 3-0: Base on Balls
|
Batting: LHB Mark Friedmann
|
0-0: Foul Ball, location: 2F 0-1: Foul Ball, location: 2F 0-2: Ball 1-2: Foul Ball, location: 2F 1-2: Strikes out swinging
|
Top of the 7th over - 0 runs, 1 hit, 0 errors, 2 left on base; Oakland (APP) 0 - Great Falls 13 |
BOTTOM OF THE 7TH |
Great Falls Voyagers batting - Pitching for Oakland (APP) Athletics : RHP Victor Sanchez
|
Batting: RHB Vic Lucatero
|
0-0: Called Strike 0-1: Ball 1-1: Called Strike 1-2: Strikes out looking
|
Batting: LHB Carlos Ramirez
|
0-0: Called Strike 0-1: Foul Ball, location: 2F 0-2: Ball 1-2: Foul Ball, location: 2F 1-2: Foul Ball, location: 2F 1-2: Ball 2-2: Strikes out swinging
|
Batting: RHB Duncan Collins
|
0-0: Fly out, F9 (Flyball, 9, EV 84.4 MPH)
|
Bottom of the 7th over - 0 runs, 0 hits, 0 errors, 0 left on base; Oakland (APP) 0 - Great Falls 13 |
TOP OF THE 8TH |
Oakland (APP) Athletics batting - Pitching for Great Falls Voyagers : RHP Andy Gibson
|
Pitching: LHP Marty de la Rosa
|
|
Pinch Hitting: RHB Tim Anderson
|
0-0: SINGLE (Groundball, 34D, EV 98.8 MPH)
|
Pinch Hitting: LHB Roscoe Romaine
|
0-0: Ball 1-0: Ball 2-0: Ball 3-0: Base on Balls Tim Anderson to second
|
Batting: LHB Augustin Cormier
|
0-0: Ball 1-0: Swinging Strike 1-1: Grounds into double play, 3-6-3 (Groundball, 34S, EV 79.4 MPH) Tim Anderson to third
|
Pitching: RHP Tom Daniels
|
|
Batting: RHB Josh Whaley
|
0-0: Called Strike 0-1: Foul Ball, location: 2F 0-2: Ball 1-2: Ball 2-2: Foul Ball, location: 2F 2-2: Fly out, F8 (Flyball, 78XD, EV 104.4 MPH)
|
Top of the 8th over - 0 runs, 1 hit, 0 errors, 1 left on base; Oakland (APP) 0 - Great Falls 13 |
BOTTOM OF THE 8TH |
Great Falls Voyagers batting - Pitching for Oakland (APP) Athletics : RHP Victor Sanchez
|
Now at 1B: Roscoe Romaine
|
|
Now at 2B: Tim Anderson
|
|
Batting: LHB Josh Pittman
|
0-0: Ball 1-0: Called Strike 1-1: Ball 2-1: Swinging Strike 2-2: Ball 3-2: Strikes out swinging
|
Batting: RHB Billy Grubbs
|
0-0: Swinging Strike 0-1: Swinging Strike 0-2: Foul Ball, location: 2F 0-2: Strikes out looking
|
Batting: RHB Riemer de Jonge
|
0-0: Ground out 5-3 (Groundball, 56, EV 104.4 MPH)
|
Bottom of the 8th over - 0 runs, 0 hits, 0 errors, 0 left on base; Oakland (APP) 0 - Great Falls 13 |
TOP OF THE 9TH |
Oakland (APP) Athletics batting - Pitching for Great Falls Voyagers : RHP Tom Daniels
|
Batting: RHB Walt Alaniz
|
0-0: DOUBLE (Line Drive, 9LM, EV 100.0 MPH)
|
Batting: RHB Branden Mackie
|
0-0: Ball 1-0: SINGLE (Flyball, 8RS, EV 89.4 MPH) Walt Alaniz to third
|
Batting: RHB Tetsuya Shinoda
|
0-0: Called Strike 0-1: Ball 1-1: Swinging Strike 1-2: Ball 2-2: Grounds into double play, 4-6-3 (Groundball, 4D, EV 84.4 MPH) Walt Alaniz scores
|
Pitching: LHP Evan Boyd
|
|
Batting: SHB George Marshall
|
0-0: Foul Ball, location: 2F 0-1: Ground out 6-3 (Groundball, 6M, EV 83.1 MPH)
|
Top of the 9th over - 1 run, 2 hits, 0 errors, 0 left on base; Oakland (APP) 1 - Great Falls 13 |
|